 Dungeon Crawl Stone Soup version 0.28-a0-1555-g9ae15a6949 (webtiles) character file.

Game seed: 6716974366187990034

1 lunkers the Vexing (level 1, 0/13 HPs)
             Began as a Vampire Enchanter on Jan 19, 2022.
             Slain by a rat (1 damage)
             ... on level 1 of the Dungeon.
             The game lasted 00:00:16 (50 turns).

lunkers the Vexing (Vampire Enchanter)                Turns: 50, Time: 00:00:17

Health: 0/13       AC:  2    Str:  7    XL:     1   Next: 16%
Magic:  3/3        EV: 12    Int: 17    God:
Gold:   0          SH:  0    Dex: 14    Spells: 4/4 levels left

rFire   . . .      SeeInvis +   a - +1 dagger
rCold   . . .      Faith    .   (no shield)
rNeg    . . .      Spirit   .   b - +0 robe
rPois   .          Reflect  .   (no helmet)
rElec   .          Harm     .   (no cloak)
rCorr   .          Rampage  .   (no gloves)
Will    .....                   (no boots)
Stlth   +++.......              (no amulet)
HPRegen 0.24/turn               (no ring)
MPRegen 0.08/turn               (no ring)

@: healing quickly
A: alive, fangs 3, see invisible, vampiric 1
a: Exsanguinate


You were on level 1 of the Dungeon.
You visited 1 branch of the dungeon, and saw 1 of its levels.

Inventory:

Hand Weapons
 a - a +1 dagger (weapon)
Armour
 b - a +0 robe (worn)
Potions
 c - a potion of invisibility


   Skills:
 + Level 1.1 Short Blades
 - Level 2.1 Dodging
 + Level 4.4 Stealth
 - Level 2.0 Spellcasting
 + Level 4.4 Hexes


You had 4 spell levels left.
You didn't know any spells.
Your spell library contained the following spells:

 Spells                   Type           Power      Damage    Failure   Level
 Confusing Touch          Hex            16%        N/A       10%         3
 Tukima's Dance           Hex            16%        N/A       10%         3
 Ensorcelled Hibernation  Hex/Ice        18%        N/A       12%         2
 Dazzling Flash           Conj/Hex       18%        N/A       24%         3


Dungeon Overview and Level Annotations

Branches:
Dungeon (1/15)

Altars:


Innate Abilities, Weirdness & Mutations

Your natural rate of healing is accelerated.
You have razor-sharp teeth.
You have supernaturally acute eyesight. (SInv)
You are afflicted with vampirism.


Message History

You hit the giant cockroach but do no damage.
The giant cockroach is moderately wounded.
The rat bites you. The giant cockroach bites you.
* * * LOW HITPOINT WARNING * * *
You hit the giant cockroach but do no damage.
The giant cockroach is moderately wounded.
The giant cockroach bites you but does no damage.
The rat barely misses you.
You hit the giant cockroach.
The giant cockroach is heavily wounded.
The giant cockroach closely misses you. The rat barely misses you.
You closely miss the giant cockroach.
The giant cockroach is heavily wounded.
The giant cockroach closely misses you. The rat misses you.
You hit the giant cockroach.
The giant cockroach is almost dead.
The giant cockroach closely misses you. The rat bites you.
* * * LOW HITPOINT WARNING * * *
The giant cockroach bites you.
* * * LOW HITPOINT WARNING * * *
You barely miss the giant cockroach.
The giant cockroach is severely wounded.
The rat misses you. The giant cockroach barely misses you.
Unknown command.
You hit the giant cockroach but do no damage.
You bite the giant cockroach, but do no damage.
The giant cockroach is severely wounded.
The giant cockroach bites you but does no damage.
The rat bites you.
* * * LOW HITPOINT WARNING * * *
You hit the giant cockroach. You bite the giant cockroach.
You kill the giant cockroach!
The rat barely misses you.
Unknown command.
You barely miss the rat. The rat bites you.
* * * LOW HITPOINT WARNING * * *
You barely miss the rat. You bite the rat, but do no damage. The rat bites you.
* * * LOW HITPOINT WARNING * * *
You barely miss the rat. The rat bites you.
You die...

###############
#.............#
#.............####
#.............#..#♣♣♣♣♣♣
#.......r.....#..#♣<....
#..@....# #..#♣...♣♣
#.......# #..#♣....P
#.......# #..#♣.♣...
#.......###..#♣.♣♣.⌠
#.......'....#♣.♣P..
.........###.##♣.♣♣P.
#.#.......# #.# ♣.♣♣♣.
#.#.......# #.# ♣.....
#.......# #.# ♣.♣♣♣♣


You could see a rat.

Vanquished Creatures
  A giant cockroach (D:1)
1 creature vanquished.

Notes
Turn   | Place    | Note
-------+----------+-------------------------------------------
     0 | D:1      | lunkers the Vampire Enchanter began the quest for the Orb.
     0 | D:1      | Reached XP level 1. HP: 13/13 MP: 3/3
    50 | D:1      | Slain by a rat

Illustrated notes

Levels and vault maps discovered:
D:1:      psy_arrival_fountain, layout_basic

Action                   || total
-------------------------++-------
Melee: Dagger            ||    15
       Bite              ||     3
Armor: Robe              ||     4
Dodge: Dodged            ||    13

Table legend: (Time is in decaauts)
 A = Elapsed time spent in this place.
 B = Non-inter-level travel time spent in this place.
 C = Inter-level travel time spent in this place.
 D = Time resting spent in this place.
 E = Time spent auto-exploring this place.
 F = Levels seen in this place.
 G = Mean time per level.
                   A        B        C        D        E       F      G
               +--------+--------+--------+--------+--------+-----+--------+
         Total |     49 |     49 |      0 |      0 |     29 |   1 |   49.0 |
       Dungeon |     49 |     49 |      0 |      0 |     29 |   1 |   49.0 |
               +--------+--------+--------+--------+--------+-----+--------+

Top non-repeatable levels by time:
     D:1: 49 daAuts
